 Dungeon Crawl Stone Soup version 0.31.0-9-g3a7656b989 (webtiles) character file.

Game seed: 4529293261995232439

28 qw the Shooter (level 2, -1/16 HPs)
             Began as a Deep Elf Hunter on Feb 2, 2024.
             Slain by a gnoll
             ... wielding a +0 halberd
              (6 damage)
             ... on level 2 of the Dungeon.
             The game lasted 00:00:05 (1004 turns).

qw the Shooter (Deep Elf Hunter)                    Turns: 1004, Time: 00:00:06

Health: -1/16      AC:  6    Str:  8    XL:     2   Next: 96%
Magic:  4/4        EV:  8    Int: 13    God:
Gold:   51         SH:  0    Dex: 18    Spells: 1/1 levels left

rFire   . . .        a - +1 shortbow
rCold   . . .        (shield currently unavailable)
rNeg    . . .        e - +0 scale mail
rPois   .            (no helmet)
rElec   .            (no cloak)
rCorr   .            (no gloves)
SInv    .            (no boots)
Will    .....        (no amulet)
Stlth   +            (no ring)
HPRegen 0.22/turn    (no ring)
MPRegen 0.09/turn

%: no passive effects
@: lethally poisoned (-1 -> -7)
A: no striking features
a: no special abilities


You were on level 2 of the Dungeon.
You visited 1 branch of the dungeon, and saw 2 of its levels.

You collected 51 gold pieces.


   Skills:
 - Level 1.5 Fighting
 + Level 6.6 Ranged Weapons
 - Level 2.4 Dodging
 - Level 1.2 Stealth


You had one spell level left.
You didn't know any spells.
Your spell library was empty.

Inventory:

Hand Weapons
 a - a +1 shortbow (weapon)
Armour
 e - a +0 scale mail (worn)
Scrolls
 h - a scroll of teleportation
Potions
 k - a potion of enlightenment {unknown}
 l - a potion of resistance {unknown}

Dungeon Overview and Level Annotations

Branches:
Dungeon (2/15)

Altars:


Message History

993 ||| RETREEEEATING.
Enter note:
994 ||| RETREEEEATING.
Enter note:
995 ||| RETREEEEATING.
The adder attacks as it pursues you!
The adder bites you but does no damage. x2
You shoot an arrow. The arrow barely misses the adder.
The adder bites you.
You are poisoned.
The adder poisons you! The gnoll barely misses you.
Enter note:
997 ||| RETREEEEATING.
You feel sick. The adder bites you but does no damage.
The gnoll attacks as it pursues you! The gnoll barely misses you.
Enter note:
998 ||| RETREEEEATING.
You feel sick. The adder attacks as it pursues you!
The adder barely misses you.
Enter note:
999 ||| RETREEEEATING.
You feel sick. The adder attacks as it pursues you!
The adder bites you but does no damage.
Enter note:
1000 ||| RETREEEEATING.
You feel sick.
Enter note:
1001 ||| RETREEEEATING.
You feel sick. The adder attacks as it pursues you!
The adder bites you but does no damage. The adder barely misses you.
Enter note:
1002 ||| RETREEEEATING.
You feel sick.
1003 ||| RETREEEEATING.
You feel sick.
You are no longer poisoned.
You shoot an arrow. The arrow closely misses the adder.
The adder bites you.
You are lethally poisoned!
The adder poisons you! The adder bites you but does no damage.
The gnoll hits you from afar with a +0 halberd.
You die...

#.......###........#
#.#
#.........#........#
#.#
....................#
#.#
............g.......#
#.#
.....####).......####
#.# ..... ######g.##
#.# ..... ##g.# #.#
.. ##S# ##.# #@# #..#
#.# #.## #.#### #.#
#...(# ##.#
####.###..# #.##..##
#..>.## ###.## #.#


You could see 3 gnolls and an adder.

Vanquished Creatures
  A dart slug (D:1)
  2 endoplasms (D:1)
  A giant cockroach (D:1)
  3 goblins (D:1)
  2 hobgoblins (D:1)
  3 quokkas
  4 ball pythons (D:1)
  3 bats (D:1)
  A frilled lizard (D:1)
  3 kobolds (D:1)
  A rat (D:1)
24 creatures vanquished.

Notes
Turn   | Place    | Note
-------+----------+-------------------------------------------
     0 | D:1      | qw the Deep Elf Hunter began the quest for the Orb.
     0 | D:1      | Reached XP level 1. HP: 12/12 MP: 3/3
     0 | D:1      | 0 ||| qw: Version: 0.3-a-155-g5e7d8dd
     0 | D:1      | 0 ||| qw: Game counter: 1579
     0 | D:1      | 0 ||| qw: Melee chars always use a shield: true
     0 | D:1      | 0 ||| qw: God list: Okawaru
     0 | D:1      | 0 ||| qw: Allow faded altars: false
     0 | D:1      | 0 ||| qw: Do Orc after clearing Dungeon:15 true
     0 | D:1      | 0 ||| qw: Do second Lair branch before Depths: true
     0 | D:1      | 0 ||| qw: Lair rune preference: random
     0 | D:1      | 0 ||| qw: Goals: Normal
     0 | D:1      | 0 ||| PLANNING D:1-11
   125 | D:1      | Reached XP level 2. HP: 16/16 MP: 4/4
   141 | D:1      | Reached skill level 6 in Ranged Weapons
   275 | D:1      | HP: 4/16 [quokka (3)]
   620 | D:1      | 620 ||| UPGRADING to +0 scale mail.
   630 | D:1      | 630 ||| DROPPING +0 leather armour.
   631 | D:1      | 631 ||| READING scroll labelled YSEVOT TEHOZEO.
   631 | D:1      | 631 ||| ENCHANTING +0 shortbow.
   632 | D:1      | 632 ||| READING scroll labelled DINNET HEBYOJ.
   633 | D:1      | 633 ||| READING scroll labelled WEDYGG XANWENOP.
   734 | D:1      | 734 ||| READING 2 scrolls labelled ROMALOZEIDGH.
   739 | D:1      | 739 ||| READING scroll labelled XYSOREFAEG.
   840 | D:1      | 840 ||| READING scroll labelled JAUDUH ROSALE.
   841 | D:1      | 841 ||| DROPPING scroll of butterflies.
   987 | D:2      | 987 ||| RETREEEEATING.
   988 | D:2      | 988 ||| RETREEEEATING.
   989 | D:2      | 989 ||| RETREEEEATING.
   990 | D:2      | 990 ||| RETREEEEATING.
   991 | D:2      | 991 ||| RETREEEEATING.
   993 | D:2      | 993 ||| RETREEEEATING.
   994 | D:2      | 994 ||| RETREEEEATING.
   995 | D:2      | 995 ||| RETREEEEATING.
   997 | D:2      | 997 ||| RETREEEEATING.
   998 | D:2      | 998 ||| RETREEEEATING.
   999 | D:2      | 999 ||| RETREEEEATING.
  1000 | D:2      | 1000 ||| RETREEEEATING.
  1001 | D:2      | 1001 ||| RETREEEEATING.
  1002 | D:2      | 1002 ||| RETREEEEATING.
  1003 | D:2      | 1003 ||| RETREEEEATING.
  1004 | D:2      | Slain by a gnoll

Levels and vault maps discovered:
D:1:      nicolae_arrival_memento_mori, layout_rooms
D:2:      layout_basic

Skill      XL: |  1  2 |
---------------+-------+-----
Ranged Weapons | 6 |  6.6
Fighting       | |  1.5
Dodging        | |  2.4
Stealth        | |  1.2

Action                     || total
---------------------------++-------
   Fire: Shortbow          ||    62
    Use: Scroll            ||     6
 Armour: Leather armour    ||    12
         Scale mail        ||    11
  Dodge: Dodged            ||    15

Table legend:
 A = Non-vault XP
 B = Vault XP
 C = Vault XP percentage of total XP
 D = Non-vault monster count
 E = Vault monster count
 F = Vault count percentage of total count
                 A         B        C        D         E       F
            +---------+---------+-------+---------+---------+-------
      Total |      40 |       0 |   0.0 |      24 |       0 |   0.0
            +---------+---------+-------+---------+---------+-------
        D:1 |      38 |       0 |   0.0 |      23 |       0 |   0.0
        D:2 |       2 |       0 |   0.0 |       1 |       0 |   0.0
            +---------+---------+-------+---------+---------+-------
